 Dungeon Crawl Stone Soup version 0.23-a0-650-ga4d50d4 (webtiles) character file.

88431 Amnesiac the Nimble (level 15, -6/84 HPs)
             Began as a Spriggan Berserker on Jan 2, 2019.
             Was the Champion of Trog.
             Killed from afar by a purple draconian (24 damage)
             ... with a bolt of dispelling energy
             ... in a wizard's laboratory.
             The game lasted 01:32:15 (32241 turns).

Amnesiac the Nimble (Spriggan Berserker)           Turns: 32241, Time: 01:32:15

Health: -6/84      AC: 24    Str: 18    XL:     15   Next: 46%
Magic:  0/22       EV: 22    Int: 13    God:    Trog [******]
Gold:   316        SH: 10    Dex: 13    Spells: 14/14 levels left

rFire    . . .     SeeInvis +   a - +2 rapier (drain)
rCold    + + .     Gourm    .   y - +3 buckler
rNeg     . . .     Faith    .   B - +5 ice dragon scales of Magic {rElec rF- rC++ rCorr Dex-3}
rPois    .         Spirit   +   R - +2 hat {Int+3}
rElec    +         Reflect  .   s - +2 cloak
rCorr    +         Harm     .   (gloves unavailable)
MR       +++..                  (boots unavailable)
Stlth    ++........             G - amulet of guardian spirit
HPRegen  0.24/turn              g - ring of protection from fire
MPRegen  0.18/turn              l - +5 ring of slaying

@: very quick
A: very small, unfitting armour, thin metallic scales 1, see invisible,
herbivore, speed 3, low mp 1, magic resistance 1, slow metabolism 2
a: Berserk, Trog's Hand, Brothers in Arms, Renounce Religion


You were in a wizard's laboratory.
You worshipped Trog.
Trog was exalted by your worship.
You were hungry.

You visited 4 branches of the dungeon, and saw 19 of its levels.
You also visited: Sewer, Gauntlet, Ice Cave and Wizlab.

You collected 2696 gold pieces.
You spent 2380 gold pieces at shops.

Inventory:

Hand Weapons
 a - a +2 rapier of draining (weapon)
 b - a +0 blowgun
 o - a +1 scimitar of flaming
Missiles
 n - 24 poisoned needles
 r - a throwing net (quivered)
 K - 39 tomahawks
 W - 19 curare-tipped needles
 Y - 12 needles of confusion
Armour
 s - a +2 cloak (worn)
 u - a +2 robe of resistance
 y - a +3 buckler (worn)
 B - the +5 ice dragon scales of Magic (worn) {rElec rF- rC++ rCorr Dex-3}
   (You found it in an ice cave)

   It affects your dexterity (-3).
   It makes you vulnerable to fire.
   It greatly protects you from cold.
   It insulates you from electricity.
   It provides partial protection from all sources of acid and corrosion.
 R - a +2 hat of intelligence (worn)
Jewellery
 f - an uncursed ring of fire
 g - a ring of protection from fire (left hand)
 l - a +5 ring of slaying (right hand)
 G - an amulet of guardian spirit (around neck)
Wands
 E - a wand of random effects (9)
 N - a wand of acid (2)
 O - a wand of enslavement (2)
 P - a wand of polymorph (9)
Scrolls
 c - 3 scrolls of identify {!r}
 d - 5 scrolls of magic mapping {!r}
 i - 12 scrolls of remove curse {!r}
 j - 5 scrolls of enchant weapon {!r}
 m - 3 scrolls of fear {!r}
 v - a scroll of vulnerability {!r}
 A - 7 scrolls of teleportation {!r}
 C - a scroll of fog {!r}
 D - a scroll of blinking {!r}
 J - 3 scrolls of noise {!r}
 V - a scroll of brand weapon {!r}
 X - 3 scrolls of holy word {!r}
Potions
 e - 2 potions of lignification {!q}
 h - 5 potions of agility {!q}
 k - 2 potions of might {!q}
 p - 2 potions of haste {!q}
 q - a potion of cancellation {!q}
 t - 8 potions of curing {!q}
 F - 2 potions of mutation {!q}
 T - a potion of flight {!q}
 U - a potion of brilliance {!q}


   Skills:
 + Level 11.7 Fighting
 - Level 8.0 Short Blades
 - Level 12.0 Throwing
 * Level 8.4 Armour
 - Level 14.0 Dodging
 - Level 8.0 Stealth
 - Level 7.2 Shields
 - Level 12.0 Evocations


You had 14 spell levels left.
You didn't know any spells.
Your spell library contained the following spells:

 Spells                   Type           Power        Failure   Level  Hunger
 Animate Skeleton         Necr           N/A          71%         1    ##.....
 Apportation              Tloc           #.....       71%         1    ##.....
 Confusing Touch          Hex            #.....       71%         1    ##.....
 Flame Tongue             Conj/Fire      #....        71%         1    ##.....
 Infusion                 Chrm           #...         71%         1    ##.....
 Summon Small Mammal      Summ           #...         71%         1    ##.....
 Shroud of Golubria       Chrm/Tloc      #.........   83%         2    ###....
 Song of Slaying          Chrm           #.......     83%         2    ###....
 Regeneration             Chrm/Necr      #.........   97%         3    ####...
 Spectral Weapon          Hex/Chrm       #.......     97%         3    ####...
 Cause Fear               Hex            #.........   100%        4    #####..
 Silence                  Hex/Air        #.........   100%        5    ######.
 Yara's Violent Unravell  Hex/Tmut       #.........   100%        5    ######.
 Bolt of Cold             Conj/Ice       #.........   100%        6    #######
 Deflect Missiles         Chrm/Air       #.........   100%        6    #######
 Freezing Cloud           Conj/Ice/Air   #.........   100%        6    #######
 Ring of Flames           Chrm/Fire      #.........   100%        7    #######
 Discord                  Hex            #.........   100%        8    #######


Dungeon Overview and Level Annotations

Branches:
Dungeon (10/15)            Temple (0/1) D:7            Lair (6/6) D:8
 Shoals (0/4) Lair:4       Spider (0/4) Lair:3        Slime (0/5) Lair:6
    Orc (2/2) D:10            Elf (1/3) Orc:2

Altars:
Fedhas
Kikubaaqudgha
Nemelex Xobeh
Okawaru
Sif Muna
Trog
Uskayaw
Jiyva

Shops:
D:7 *   Orc:2 =*[(*   Elf:1 !

Portals:
Trove: D:10 (show slimy rune of Zot)

Annotations:
WizLab exclusion: 2 statues


Innate Abilities, Weirdness & Mutations

You are very small and have problems with some larger weapons.
You are too small for most types of armour.
You have supernaturally acute eyesight. (SInv)
You are a herbivore.
You cover ground extremely quickly.
You need to consume almost no food.
You are partially covered in thin metallic scales. (AC +2)
Your magical capacity is low. (-10% MP)
You are resistant to hostile enchantments. (MR+)


Message History

The purple draconian completely misses you.
W - 19 curare-tipped needles (gained 3)
The purple draconian misses you.
The conjurer statue launches a ball of destructive magic.
The wavering orb of destruction weakly hits you!
The purple draconian roars!
The conjurer statue conjures an orb of pure magic.
The purple draconian breathes dispelling energy at you.
The bolt of dispelling energy hits you!
An orb of destruction comes into view.
Items here: )))) ÷÷ †
There is an empty arch of ancient stone, spattered with blood here.
You start resting.
The purple draconian is too close now for your liking.
You hit the purple draconian. You drain the purple draconian!
The purple draconian is lightly wounded.
The purple draconian breathes dispelling energy at you.
The bolt of dispelling energy hits you!
* * * LOW HITPOINT WARNING * * *
You puncture the purple draconian! You drain the purple draconian!
The purple draconian is lightly wounded.
You hit the purple draconian.
The purple draconian is moderately wounded.
The purple draconian hits you with a +0 war axe!
* * * LOW HITPOINT WARNING * * *
You hit the purple draconian. You drain the purple draconian!
The purple draconian is moderately wounded.
The purple draconian hits you with a +0 war axe.
* * * LOW HITPOINT WARNING * * *
You puncture the purple draconian!
The purple draconian is moderately wounded.
You barely miss the purple draconian.
The purple draconian is moderately wounded.
The purple draconian hits you but does no damage.
You closely miss the purple draconian.
The purple draconian is moderately wounded.
The purple draconian misses you.
You hit the purple draconian.
The purple draconian is heavily wounded.
You puncture the purple draconian!
The purple draconian is heavily wounded.
The purple draconian breathes dispelling energy at you.
The bolt of dispelling energy hits you!
* * * LOW HITPOINT WARNING * * *
You hit the purple draconian but do no damage.
You drain the purple draconian!
The purple draconian is heavily wounded.
The purple draconian barely misses you.
Really quaff
t - 10 potions of curing {!q}?
You feel better. The purple draconian barely misses you.
Really quaff
t - 9 potions of curing {!q}?
You feel better.
You are feeling hungry.
You block the purple draconian's attack.
You puncture the purple draconian! You drain the purple draconian!
The purple draconian is severely wounded.
You puncture the purple draconian!
The purple draconian is severely wounded.
You block the purple draconian's attack.
You puncture the purple draconian!
The purple draconian is severely wounded.
The purple draconian breathes dispelling energy at you.
The bolt of dispelling energy hits you!
You die...

################
#.#.#.#.#.#d#§§##
§#.#.#.#.#.#@##§##
.........#.###§#.#
...§..........##§#
...§..........#§##
...§....*.....##.#
#.....).8d....§§##
#.#..§........##§#
##............##
#.#..........#.#


You could see a purple draconian.

Vanquished Creatures
  Saint Roka (Orc:1)
  3 orc warlords
  Nessos (Orc:2)
  2 purple draconians (WizLab)
  A minotaur (Gauntlet)
  An ettin (Orc:1)
  Harold (D:8)
  3 hydras
  3 death yaks
  4 orc high priests (Orc:2)
  Nergalle (Lair:1)
  A fire crab (Lair:6)
  An unseen horror (D:10)
  2 deep elf archers (Elf:1)
  13 deep elf magi
  An orb spider (Lair:3)
  8 orc sorcerers
  2 ugly things (IceCv)
  5 orc knights
  A cyclops (D:9)
  Maurice (D:8)
  A centaur zombie (D:10)
  14 elephants
  Joseph (D:7)
  4 black mambas
  The ghost of Lanoc the Cleaver, a novice HOCK of Beogh (D:4)
  3 ice statues (IceCv)
  An apocalypse crab (Gauntlet)
  3 spiny frogs
  A rime drake (Lair:3)
  9 komodo dragons
  An efreet (Gauntlet)
  A polar bear (Lair:6)
  8 trolls
  4 hornets (Lair:6)
  Grinder (D:6)
  5 blink frogs
  8 dream sheep
  2 hippogriffs
  Sigmund (D:2)
  A shadow (D:9)
  13 spriggans
  12 yaks
  A wyvern (Lair:1)
  6 basilisks (Lair:6)
  4 fire elementals
  Eustachio (D:5)
  A hungry ghost (D:10)
  6 wargs
  Menkaure (D:7)
  2 hell hounds (Gauntlet)
  29 water moccasins
  Duvessa (D:7)
  6 porcupines
  Purgy (Sewer)
  2 sky beasts
  4 phantoms
  18 ice beasts
  5 black bears
  60 orc warriors
  11 ogres
  30 wolves
  A necrophage (D:5)
  5 boggarts (Lair:6)
  5 centaurs
  A crocodile (shapeshifter) (Elf:1)
  12 crocodiles
  5 bullfrogs
  A wyvern zombie (D:10)
  A water moccasin zombie (D:5)
  Dowan (D:7)
  5 scorpions
  3 wights (D:8)
  3 electric eels (Lair:5)
  2 howler monkeys (D:10)
  A crimson imp (D:8)
  2 bullfrog skeletons
  7 hounds
  A jelly (D:7)
  2 centaur skeletons (D:10)
  33 orc priests
  A gnoll shaman (Orc:2)
  An iguana (D:5)
  41 orc wizards
  6 hell rats
  7 worker ants
  A bullfrog simulacrum (D:5)
  2 hound zombies
  2 worker ant zombies (D:5)
  A howler monkey zombie (D:6)
  12 gnolls
  20 adders
  A river rat (D:8)
  4 shadow imps
  A worker ant simulacrum (D:5)
  2 oozes
  An adder zombie (D:6)
  2 adder skeletons (D:9)
  A dart slug (D:1)
  An adder simulacrum (D:5)
  3 leopard geckos
  121 orcs
  2 ball pythons
  2 bats
  2 giant cockroaches
  2 goblins
  6 hobgoblins
  A jackal (D:4)
  5 kobolds
  11 quokkas
  10 frilled lizards
  A giant cockroach simulacrum (D:5)
  A jackal simulacrum (D:5)
  A jackal zombie (D:5)
  A quokka simulacrum (D:5)
  2 quokka skeletons
  A quokka zombie (D:6)
  11 rats
  A plant (Lair:3)
722 creatures vanquished.

Vanquished Creatures (others)
  A deep elf mage (Elf:1)
  7 fungi
  6 plants
14 creatures vanquished.

Grand Total: 736 creatures vanquished

Notes
Turn   | Place    | Note
-------+----------+-------------------------------------------
     0 | D:1      | Amnesiac the Spriggan Berserker began the quest for the
                  | Orb.
     0 | D:1      | Reached XP level 1. HP: 11/11 MP: 2/2
    25 | D:1      | You fall through a shaft!
   119 | D:1      | Reached XP level 2. HP: 15/16 MP: 3/3
   484 | D:1      | Reached skill level 5 in Dodging
   684 | D:2      | Reached ** piety under Trog
   866 | D:2      | Reached XP level 3. HP: 15/19 MP: 4/4
   995 | D:2      | Noticed Sigmund
  1015 | D:2      | Killed Sigmund
  1015 | D:2      | Reached skill level 6 in Dodging
  1015 | D:2      | Reached XP level 4. HP: 25/25 MP: 5/5
  1015 | D:2      | Reached XP level 5. HP: 28/28 MP: 6/6
  1114 | D:2      | Found a blossoming altar of Fedhas.
  1436 | D:3      | Found a hide-covered altar of Uskayaw.
  2058 | D:4      | Noticed an ogre
  2100 | D:4      | Killed an ogre
  2100 | D:4      | Reached skill level 5 in Short Blades
  2100 | D:4      | Reached XP level 6. HP: 32/32 MP: 7/7
  2163 | D:4      | Got a sapphire flail
  2626 | D:4      | Found a glowing drain.
  2699 | Sewer    | Entered a sewer
  2772 | Sewer    | Noticed Purgy
  2788 | Sewer    | Killed Purgy
  2788 | Sewer    | Reached XP level 7. HP: 23/36 MP: 8/8
  3639 | D:4      | Reached *** piety under Trog
  3740 | D:5      | Entered Level 5 of the Dungeon
  3932 | D:5      | Noticed Eustachio
  3967 | D:5      | Reached skill level 1 in Throwing
  3971 | D:5      | Killed Eustachio
  3971 | D:5      | Reached skill level 7 in Dodging
  4053 | D:5      | Found a runed gate.
  4053 | D:5      | Found a runed gate.
  4053 | D:5      | Found a runed gate.
  4064 | D:5      | Reached XP level 8. HP: 36/41 MP: 9/9
  4092 | D:5      | Noticed Lanoc's ghost (novice HOCK)
  4672 | D:5      | Reached skill level 8 in Dodging
  4744 | D:5      | Reached skill level 5 in Throwing
  5754 | D:4      | Killed Lanoc's ghost
  5754 | D:4      | Reached skill level 1 in Shields
  5754 | D:4      | Reached XP level 9. HP: 37/44 MP: 10/10
  5909 | D:6      | Noticed Grinder
  5924 | D:6      | Paralysed by Grinder for 6 turns
  6055 | D:6      | Killed Grinder
  6429 | D:6      | Found an ancient bone altar of Kikubaaqudgha.
  6486 | D:6      | Found a bloodstained altar of Trog.
  6562 | D:6      | Reached **** piety under Trog
  7121 | D:7      | Found a staircase to the Ecumenical Temple.
  7170 | D:7      | Noticed Joseph
  7200 | D:7      | Noticed Dowan
  7599 | D:7      | Reached skill level 9 in Dodging
  7654 | D:7      | Found a sparkling altar of Nemelex Xobeh.
  7706 | D:7      | Found a sparkling altar of Nemelex Xobeh.
  7738 | D:7      | Found Mytauhes's Merry Market.
  7744 | D:7      | Bought a potion of mutation for 96 gold pieces
  7816 | D:7      | Noticed Menkaure
  7821 | D:7      | Killed Menkaure
  7977 | D:8      | Noticed Maurice
  8079 | D:8      | Killed Maurice
  8079 | D:8      | Reached XP level 10. HP: 51/51 MP: 13/13
  8394 | D:7      | Killed Joseph
  8394 | D:7      | Reached skill level 5 in Evocations
  8425 | D:7      | Noticed Duvessa
  8432 | D:7      | Killed Dowan
  8483 | D:7      | Killed Duvessa
  8802 | D:8      | Found a staircase to the Lair.
  8802 | D:8      | Noticed a death yak
  8802 | D:8      | Noticed a death yak
  8802 | D:8      | Noticed a death yak
  8917 | D:7      | Killed a death yak
  9220 | D:7      | Killed a death yak
  9220 | D:7      | Reached skill level 5 in Stealth
  9505 | D:8      | Reached ***** piety under Trog
  9834 | D:8      | Killed a death yak
  9834 | D:8      | Reached skill level 10 in Dodging
 10304 | D:9      | Found a deep blue altar of Sif Muna.
 10315 | D:9      | Received a gift from Trog
 10480 | D:9      | Noticed a cyclops
 10553 | D:9      | Reached XP level 11. HP: 33/54 MP: 18/18
 10708 | D:9      | Reached skill level 5 in Shields
 10782 | D:9      | Found an iron altar of Okawaru.
 11084 | D:10     | Entered Level 10 of the Dungeon
 11518 | D:10     | Noticed an unseen horror
 11538 | D:10     | Killed an unseen horror
 12185 | D:10     | Found a portal to a secret trove of treasure.
 12473 | D:10     | Reached skill level 11 in Dodging
 12982 | D:10     | Found a staircase to the Orcish Mines.
 13091 | D:10     | Reached skill level 13 in Dodging
 13091 | D:10     | Reached XP level 12. HP: 58/58 MP: 20/20
 13148 | Orc:1    | Entered Level 1 of the Orcish Mines
 13148 | Orc:1    | Noticed an orc warlord
 13263 | Lair:1   | Entered Level 1 of the Lair of Beasts
 13296 | Lair:1   | Noticed Nergalle
 13334 | Lair:1   | Killed Nergalle
 13334 | Lair:1   | Reached skill level 5 in Fighting
 13334 | Lair:1   | Reached skill level 10 in Throwing
 13613 | Lair:1   | Noticed Harold
 13822 | D:8      | Killed Harold
 13822 | D:8      | Reached skill level 10 in Evocations
 14820 | Lair:1   | Reached XP level 13. HP: 54/65 MP: 21/21
 16366 | Lair:3   | Found a gate leading to a gauntlet.
 16420 | Lair:3   | Found a hole to the Spider Nest.
 16518 | Gauntlet | Entered a Gauntlet
 16518 | Gauntlet | Found a transporter.
 16518 | Gauntlet | Found a transporter.
 16522 | Gauntlet | Found a transporter.
 16523 | Gauntlet | Found a transporter.
 16528 | Gauntlet | Found a transporter.
 16547 | Gauntlet | Found a transporter.
 16551 | Gauntlet | Found a transporter.
 16574 | Gauntlet | Found a transporter.
 16582 | Gauntlet | Found a transporter.
 16601 | Gauntlet | Found a transporter.
 16607 | Gauntlet | Found a transporter.
 16624 | Gauntlet | Found a transporter.
 16809 | Gauntlet | Received a gift from Trog
 17151 | Gauntlet | Noticed a minotaur
 17173 | Gauntlet | Killed a minotaur
 17181 | Gauntlet | Identified Puhoogy's Guide on Assistive Attacks
 17182 | Gauntlet | Got a dazzling long sword
 17445 | Lair:3   | Reached skill level 14 in Dodging
 18345 | Lair:3   | Identified the cursed +1 long sword of Turmoil {freeze,
                  | rC+} (You found it in a Gauntlet)
 18478 | Lair:4   | Found a frozen archway.
 18579 | Lair:4   | Found a staircase to the Shoals.
 19374 | IceCv    | Entered an ice cave
 19814 | IceCv    | Got slimy ice dragon scales
 19856 | IceCv    | Identified the +5 ice dragon scales of Magic {rElec rF-
                  | rC++ rCorr Dex-3} (You found it in an ice cave)
 21231 | Lair:5   | Received a gift from Trog
 21430 | Lair:6   | Entered Level 6 of the Lair of Beasts
 21473 | Lair:6   | Reached XP level 14. HP: 19/75 MP: 8/24
 22170 | Lair:6   | Reached skill level 10 in Fighting
 22461 | Lair:6   | Received a gift from Trog
 22461 | Lair:6   | Reached skill level 1 in Armour
 22476 | Lair:6   | Paralysed by a hornet for 1 turns
 22763 | Lair:6   | Found a staircase to the Slime Pits.
 22765 | Lair:6   | Found a viscous altar of Jiyva.
 22876 | Lair:6   | Paralysed by a hornet for 3 turns
 22949 | Lair:6   | Received a gift from Trog
 24884 | D:10     | Killed an orc warlord
 25234 | Orc:1    | Gained mutation: Your magical capacity is low. (-10% MP) [a
                  | neqoxec]
 25289 | Orc:1    | Received a gift from Trog
 26070 | Orc:2    | Entered Level 2 of the Orcish Mines
 26395 | Orc:1    | Reached skill level 5 in Armour
 26502 | Orc:2    | Noticed an orc warlord
 26974 | Orc:1    | Killed an orc warlord
 27399 | Orc:2    | Received a gift from Trog
 27414 | Orc:2    | Noticed Saint Roka
 27875 | Orc:1    | Killed Saint Roka
 28636 | Orc:2    | Received a gift from Trog
 28772 | Orc:2    | Found Uremubin's General Store.
 28772 | Orc:2    | Noticed Nessos
 28777 | Orc:2    | Killed Nessos
 28925 | Orc:2    | Reached ****** piety under Trog
 29002 | Orc:2    | Found a staircase to the Elven Halls.
 29063 | Orc:2    | Reached XP level 15. HP: 82/82 MP: 22/22
 29127 | Orc:2    | Received a gift from Trog
 29547 | Orc:2    | Noticed an orc warlord
 29653 | Orc:2    | Killed an orc warlord
 30252 | Orc:2    | Received a gift from Trog
 31131 | Orc:2    | Found Mefeaza's General Store.
 31132 | Orc:2    | Found Husiss's Jewellery Boutique.
 31133 | Orc:2    | Found Biylontoj's Antique Armour Boutique.
 31133 | Orc:2    | Found Gucsop's Antique Weapon Shop.
 31147 | Orc:2    | Bought an uncursed ring of protection from fire for 350
                  | gold pieces
 31147 | Orc:2    | Bought a scroll of enchant weapon for 105 gold pieces
 31148 | Orc:2    | Bought a +5 ring of slaying for 1364 gold pieces
 31420 | Elf:1    | Entered Level 1 of the Elven Halls
 31434 | Elf:1    | Gained mutation: Potions are less effective at restoring
                  | your health. [a neqoxec]
 31437 | Elf:1    | Gained mutation: You are clumsy. (Dex -2) [a neqoxec]
 31489 | Elf:1    | HP: 2/83 [jumping spider[a deep elf mage] (4)]
 31513 | Elf:1    | Lost mutation: You are clumsy. (Dex -2) [potion of
                  | mutation]
 31513 | Elf:1    | Lost mutation: Potions are less effective at restoring your
                  | health. [potion of mutation]
 31513 | Elf:1    | Gained mutation: You are partially covered in thin metallic
                  | scales. (AC +2) [potion of mutation]
 31513 | Elf:1    | Gained mutation: You are resistant to hostile enchantments.
                  | (MR+) [potion of mutation]
 31515 | Elf:1    | Found Obityruy's Distillery.
 31520 | Elf:1    | Bought a potion of cancellation for 120 gold pieces
 31520 | Elf:1    | Bought a potion of ambrosia for 120 gold pieces
 31536 | Elf:1    | Bought a potion of curing for 45 gold pieces
 31536 | Elf:1    | Bought 2 potions of curing for 90 gold pieces
 31536 | Elf:1    | Bought a potion of curing for 45 gold pieces
 31536 | Elf:1    | Bought a potion of curing for 45 gold pieces
 31572 | Elf:1    | Found a magical portal.
 31593 | WizLab   | Entered Iskenderun's Mystic Tower
 32209 | WizLab   | Received a gift from Trog
 32235 | WizLab   | HP: 1/84 [purple draconian/bolt of dispelling energy (19)]
 32241 | WizLab   | Killed from afar by a purple draconian

Vault maps used:
D:1:      ncdulo_lavacross
D:2:      marbit_many_paths, uniq_sigmund
D:3:      old_standard_altar, first_ration
D:4:      portal_sewer_entry_d, minivault_25, minmay_diced_spiral
D:5:      minmay_angry_zag, gammafunk_ghost_icy, uniq_eustachio
D:6:      lemuel_coloured_pillars_altar, kennysheep_little_box,
          hangedman_decor_peaks_small, uniq_grinder
D:7:      kennysheep_mini, temple_green, nicolae_alphabet_shops, the_bakery,
          chequers_serial_rivers_large_a, nemelex_lonely_heart_becter,
          uniq_joseph, uniq_menkaure, uniq_duvessa
D:8:      dpeg_lair_monsters, uniq_maurice
D:9:      lemuel_crystal_altar, minmay_misc_feat_iff, okawaru_gym_becter
D:10:     erik_orc_2, trove_entry_hex_spiral
Lair:1:   uniq_harold, uniq_nergalle
Lair:2:   grunt_megastairs_3
Lair:3:   lemuel_reptile_caves, nicolae_spider_entry_orb_guardian,
          gauntlet_entry_generic
Lair:4:   elwin_shoals_entry_rocks, portal_ice_cave_entry_ice_beasts
Lair:5:   wad_woods_river_01
Lair:6:   minmay_lair_end_enchanted_forest, slime_altar_1,
          kennysheep_basilisk_garden
Orc:2:    st_orc_congregation, serial_shops, nicolae_shop_crystal,
          uniq_saint_roka, uniq_nessos
Elf:1:    minmay_elf_arrival_plus, serial_shops, shop, shop_statue,
          infiniplex_enter_wizlab_glasses, orc_legates, minivault_19,
          hangedman_elven_pyramids, hex_medium, uniq_donald
Sewer:    sewer_co_purgy_island
IceCv:    ice_cave_statue_garden_chambered
WizLab:   wizlab_iskenderun
Gauntlet: gammafunk_gauntlet_shortcut

Skill      XL: |  1  2  3  4  5  6  7  8  9 10 11 12 13 14 15 |
---------------+----------------------------------------------+-----
Dodging        | 5 6 7 8 9 10 13 14 | 14.0
Fighting       | 3 4 6 9 11 | 11.7
Short Blades   | 4 5 7 8 |  8.0
Throwing       | 3 7 8 9 10 11 12 | 12.0
Shields        | 1 4 7 |  7.2
Evocations     | 3 8 9 10 12 | 12.0
Stealth        | 6 8 |  8.0
Armour         | 6 8 |  8.4

Action                   |  1- 3 |  4- 6 |  7- 9 | 10-12 | 13-15 || total
-------------------------+-------+-------+-------+-------+-------++-------
Melee: Short sword       |    95 |    95 |   441 |     3 |    10 ||   644
       Dagger            |       |       |   174 |   748 |   414 ||  1336
       Scimitar          |       |       |       |       |  1153 ||  1153
       Rapier            |       |       |       |       |   672 ||   672
 Fire: Blowgun           |       |    17 |     4 |   184 |   215 ||   420
Throw: Throwing net      |       |       |     4 |     1 |     4 ||     9
       Tomahawk          |       |       |       |    42 |    34 ||    76
Invok: Berserk           |     1 |     2 |    13 |     5 |    10 ||    31
Evoke: Wand              |       |       |     3 |    22 |    49 ||    74
  Use: Potion            |       |       |    10 |     4 |    13 ||    27
       Scroll            |       |       |    15 |     1 |    21 ||    37
 Stab: Sleeping          |     1 |     2 |     6 |    10 |    14 ||    33
       Held in net/web   |       |       |     4 |       |     5 ||     9
       Distracted        |       |       |       |     3 |     3 ||     6
       Confused          |       |       |       |     2 |       ||     2
       Paralysed         |       |       |       |     1 |     7 ||     8
  Eat: Ration            |       |     3 |    10 |     5 |    18 ||    36
Armor: Animal skin       |     7 |     3 |    19 |    21 |    20 ||    70
       Ice dragon scales |       |       |       |       |   422 ||   422
Dodge: Dodged            |    69 |    54 |   298 |   368 |  1896 ||  2685
Block: Buckler           |       |    16 |    85 |   151 |  1012 ||  1264
       Rpst.: Scimitar   |       |       |       |       |   273 ||   273

Table legend:
 A = Non-vault XP
 B = Vault XP
 C = Vault XP percentage of total XP
 D = Non-vault monster count
 E = Vault monster count
 F = Vault count percentage of total count
                 A         B        C        D         E       F
            +---------+---------+-------+---------+---------+-------
      Total |   57199 |   55385 |  49.2 |     451 |     270 |  37.4
            +---------+---------+-------+---------+---------+-------
        D:1 |      35 |       0 |   0.0 |      21 |       0 |   0.0
        D:2 |      20 |     239 |  92.3 |       8 |       2 |  20.0
        D:3 |      16 |       0 |   0.0 |       7 |       0 |   0.0
        D:4 |     677 |     472 |  41.1 |      22 |       4 |  15.4
        D:5 |     814 |     649 |  44.4 |      18 |      11 |  37.9
        D:6 |     740 |     262 |  26.1 |      18 |       1 |   5.3
        D:7 |     474 |    2803 |  85.5 |       9 |       7 |  43.8
        D:8 |    1252 |    2657 |  68.0 |      36 |      11 |  23.4
        D:9 |    1510 |       0 |   0.0 |      29 |       0 |   0.0
       D:10 |    8117 |    1088 |  11.8 |      58 |      21 |  26.6
     Lair:1 |    5401 |     812 |  13.1 |      17 |       1 |   5.6
     Lair:2 |    2227 |     290 |  11.5 |      15 |       2 |  11.8
     Lair:3 |    6219 |    3128 |  33.5 |      22 |      29 |  56.9
     Lair:4 |    1704 |    1062 |  38.4 |      11 |       8 |  42.1
     Lair:5 |    3911 |    1483 |  27.5 |      24 |       5 |  17.2
     Lair:6 |    7537 |    8449 |  52.9 |      18 |      49 |  73.1
      Orc:1 |    8590 |    5637 |  39.6 |      63 |       6 |   8.7
      Orc:2 |    2936 |   13992 |  82.7 |      45 |      77 |  63.1
      Elf:1 |    5019 |    2027 |  28.8 |      10 |       4 |  28.6
      Sewer |       0 |     167 | 100.0 |       0 |       8 | 100.0
      IceCv |       0 |    3240 | 100.0 |       0 |      11 | 100.0
     WizLab |       0 |    4095 | 100.0 |       0 |       5 | 100.0
   Gauntlet |       0 |    2833 | 100.0 |       0 |       8 | 100.0
            +---------+---------+-------+---------+---------+-------
